 Dungeon Crawl Stone Soup version 0.16-a0-670-g3b10be2 (webtiles) character file.

378 PolkaDot the Poker (level 6, 0/48 HPs)
             Began as a Vampire Abyssal Knight on Sept 19, 2014.
             Was a Believer of Lugonu.
             Killed by divine providence
             ... invoked by an orc priest
              (13 damage)
             ... on Level 4 of the Dungeon.
             The game lasted 00:07:44 (2514 turns).

PolkaDot the Poker (Vampire Abyssal Knight)         Turns: 2514, Time: 00:07:44

HP   0/48        AC  6     Str 11      XL: 6   Next: 45%
MP   7/7         EV 11     Int 14      God: Lugonu [**....]
Gold 227         SH  0     Dex 15      Spells:  0 memorised,  5 levels left

rFire  . . .     SeeInvis +     a - +1 spear
rCold  . . .     Clarity  .     b - +0 leather armour
rNeg   . . .     rCorr    .     (no shield)
rPois  .         rRot     .     k - +0 helmet (curse)
rElec  .         Spirit   .     (no cloak)
SustAb .         Warding  .     (no gloves)
rMut   .         Stasis   .     m - +1 pair of boots
Gourm  .                        (no amulet)
MR     .....                    (no ring)
                                (no ring)

@: regenerating quickly, not resistant to hostile enchantments, very unstealthy
A: bottle blood, fangs 3, see invisible, unbreathing
a: Bottle Blood, Depart the Abyss, Bend Space, Renounce Religion


You were on level 4 of the Dungeon.
You worshipped Lugonu.
Lugonu was pleased with you.
You were full.

You visited 1 branch of the dungeon, and saw 4 of its levels.
You visited the Abyss 1 time.

You collected 227 gold pieces.

Inventory:

Hand weapons
 a - a +1 spear (weapon)
Armour
 b - a +0 leather armour (worn)
 k - a cursed +0 helmet (worn)
 m - a +1 pair of boots (worn)
Scrolls
 d - a scroll of teleportation {unknown}
 e - a scroll of identify {unknown}
 f - a scroll of remove curse {unknown}
 g - 3 scrolls of enchant armour {unknown}
 h - a scroll of random uselessness {unknown}
 i - 3 scrolls of amnesia {unknown}
 j - a scroll of enchant weapon {unknown}
Jewellery
 n - an uncursed ring of stealth {unknown}


   Skills:
 - Level 4.1 Fighting
 * Level 5.3 Polearms
 - Level 0.7 Armour
 - Level 2.1 Dodging
 + Level 1.9 Invocations


You had 5 spell levels left.
You didn't know any spells.

Dungeon Overview and Level Annotations

Branches:
Dungeon (4/15)
 Temple: D:4-7

Altars:
Cheibriados
Elyvilon
Ru
The Shining One


Innate Abilities, Weirdness & Mutations

Your natural rate of healing is unusually fast.
You can bottle blood from corpses.
You have razor-sharp teeth.
You have supernaturally acute eyesight.
You can survive without breathing.


Message History

Aim: an orc priest, wielding a whip and wearing a leather armour You hit the orc priest.
The orc priest is lightly wounded.
The orc priest barely misses you.
You hit the orc priest.
The orc priest is moderately wounded.
The orc priest mumbles some strange prayers to Beogh against you.
Something smites you!
* * * LOW HITPOINT WARNING * * *
You aren't carrying any potions.
You hit the orc priest but do no damage.
The orc priest is moderately wounded.
You barely miss the orc priest.
The orc priest is moderately wounded.
The orc priest misses you.
You hit the orc priest but do no damage.
The orc priest is moderately wounded.
The orc priest mumbles some strange prayers to Beogh against you.
Something smites you!
You die...

## #####. .....###..
.###...... #........ .<.).#
#.##.##.. ....[# #.#..##<#
.###.# #.#.###.# ..##.#
#.#.###.# #.##.# ##.......#
#.##.###### #....#####
..........# #.##@# #######...#
..........###)##o###.........o
#.##..........##...)....o.....
#..#......######.###........o
##.#.....<# #.#########...
##.#.###########...# ..
.....####......#...#
##.......(####.#...#
#######..####.##.##


You could see an orc priest.

Vanquished Creatures
  The ghost of polynom the Sneak, an average HuFi (D:3)
  An orc priest (D:4)
  7 adders
  An inept item mimic (D:3)
  4 worms
  2 giant geckos
  3 orcs
  6 bats
  2 giant cockroaches
  4 goblins
  12 hobgoblins
  3 kobolds
  3 quokkas
  5 giant newts
  5 rats
59 creatures vanquished.

Notes
Turn   | Place    | Note
--------------------------------------------------------------
     0 | Abyss:1  | PolkaDot, the Vampire Abyssal Knight, began the quest for the Orb.
     0 | Abyss:1  | Reached XP level 1. HP: 17/17 MP: 1/1
    58 | Abyss:1  | Noticed a tentacled starspawn
    59 | D:1      | Escaped the Abyss
    76 | D:1      | Noticed a seven-headed hydra
    76 | D:1      | Noticed a black bear
    76 | D:1      | Noticed a komodo dragon
    76 | D:1      | Noticed a salamander
   210 | D:1      | Acquired Lugonu's first power
   327 | D:1      | Reached XP level 2. HP: 23/23 MP: 2/2
   861 | D:2      | Reached skill level 3 in Polearms
   861 | D:2      | Reached XP level 3. HP: 28/28 MP: 3/3
  1095 | D:2      | Reached XP level 4. HP: 26/35 MP: 4/4
  1117 | D:2      | Acquired Lugonu's second power
  1524 | D:2      | Found a snail-covered altar of Cheibriados.
  1524 | D:2      | Found a glowing golden altar of the Shining One.
  1604 | D:3      | Found a sacrificial altar of Ru.
  1628 | D:3      | Noticed polynom's ghost (average HuFi)
  1670 | D:3      | Killed polynom's ghost
  1670 | D:3      | Reached skill level 4 in Fighting
  1670 | D:3      | Reached skill level 5 in Polearms
  1670 | D:3      | Reached XP level 5. HP: 21/42 MP: 6/6
  1670 | D:3      | Reached XP level 6. HP: 24/48 MP: 7/7
  2273 | D:3      | Found a white marble altar of Elyvilon.
  2514 | D:4      | Killed from afar by an orc priest

Action                   |  1- 3 |  4- 6 || total
-------------------------+-------+-------++-------
Melee: Spear             |    94 |   182 ||   276
Invok: Depart the Abyss  |     1 |       ||     1
  Use: Potion            |     2 |     6 ||     8
 Stab: Sleeping          |       |     1 ||     1
  Eat: Corpse            |    10 |     8 ||    18
